 Dungeon Crawl Stone Soup version 0.32-a0-886-g41c5271027 (webtiles) character file.

Game seed: 9539878615372105011

83 timneilson the Ruffian (level 4, -9/28 HPs)
             Began as an Octopode Shapeshifter on Apr 2, 2024.
             Mangled by a gnoll
             ... wielding a +0 whip
              (10 damage)
             ... on level 2 of the Dungeon.
             The game lasted 00:02:28 (1029 turns).

timneilson the Ruffian (Octopode Shapeshifter)      Turns: 1029, Time: 00:02:28

Health: -9/28      AC:  1    Str: 15    XL:     4   Next: 44%
Magic:  4/4        EV: 12    Int: 12    God:
Gold:   78         SH:  0    Dex: 11    Spells: 3/3 levels left

rFire   . .          .
                       - Unarmed
rCold   . . .        (no shield)
rNeg    . . .        (helmet currently unavailable)
rPois   .            (no amulet)
rElec   .            (no ring)
rCorr   .            (no ring)
SInv    .            (no ring)
Will    .....        (no ring)
Stlth   +++          (no ring)
HPRegen 0.24/turn    (no ring)
MPRegen 0.09/turn    (no ring)
                     (no ring)

%: no passive effects
@: beast-form
A: beast (slay +2), almost no armour, amphibious, 8 rings, camouflage 1,
gelatinous body 1, (nimble swimmer 1), tentacles
a: Begin Untransformation


You were on level 2 of the Dungeon.
You were a hulking beast.
You visited 1 branch of the dungeon, and saw 2 of its levels.

You collected 78 gold pieces.

Inventory:

Talismans
 b - a beast talisman (active)
 c - a flux talisman
Scrolls
 d - 2 scrolls of fog
 h - a scroll of amnesia {unknown}
 j - a scroll of enchant armour {unknown}
Potions
 a - a potion of lignification
 e - a potion of brilliance {unknown}
 f - a potion of mutation
 g - a potion of might
 i - a potion of curing


   Skills:
 + Level 1.5 Fighting
 * Level 2.8 Dodging
 + Level 1.8 Stealth
 * Level 3.6 Unarmed Combat
 * Level 3.5 Shapeshifting


You had 3 spell levels left.
You didn't know any spells.
Your spell library contained the following spells:

 Spells                   Type           Power      Damage    Failure   Level
 Summon Small Mammal      Summ           0%         N/A       32%         1
 Call Canine Familiar     Summ           0%         N/A       69%         3
 Summon Blazeheart Golem  Fire/Summ      0%         N/A       97%         4


Dungeon Overview and Level Annotations

Branches:
Dungeon (2/15)

Altars:

Shops:
D:1 (


Innate Abilities, Weirdness & Mutations

You are a hulking beast.
Your limbs bulge with bestial killing power. (Slay +2)
You cannot wear most types of armour.
You are amphibious.
You can wear up to eight rings at the same time.
Your skin changes colour to match your surroundings (Stealth+).
Your rubbery body absorbs attacks. (AC +1, EV +1)
((You are camouflaged when in or above water. (Stealth+)))
You have tentacles for arms and can constrict up to eight enemies at once.


Message History

A gnoll comes into view. It is wielding a +0 flail.
A gnoll comes into view. It is wielding a +0 flail.
The gnoll shouts! x2
A gnoll comes into view. It is wielding a +0 whip.
A gnoll comes into view. It is wielding a +0 halberd.
The gnoll shouts! x2
The gnoll closely misses you.
You tentacle-slap the gnoll. You grab the gnoll. You squeeze the gnoll.
The gnoll is moderately wounded.
You constrict the gnoll. The gnoll hits you with a +0 flail!
You release your grip on the gnoll.
The gnoll attacks as it pursues you! The gnoll closely misses you.
You barely miss the gnoll. Your grab misses the gnoll. You squeeze the gnoll.
The gnoll is severely wounded.
The gnoll misses you.
You closely miss the gnoll. Your grab misses the gnoll.
The gnoll is severely wounded.
You closely miss the gnoll. Your grab misses the gnoll.
The gnoll is severely wounded.
The gnoll barely misses you.
You tentacle-slap the gnoll.
You kill the gnoll!
You barely miss the gnoll. Your grab misses the gnoll.
The gnoll hits you with a +0 flail.
The gnoll hits you from afar with a +0 halberd.
You tentacle-slap the gnoll but do no damage.
You grab the gnoll. You squeeze the gnoll!
The gnoll is almost dead.
You constrict the gnoll.
You kill the gnoll!
The gnoll barely misses you. The gnoll hits you with a +0 whip.
The gnoll closely misses you.
Items here: )) ††.
You barely miss the gnoll. Your grab misses the gnoll.
The gnoll hits you with a +0 halberd. The gnoll barely misses you.
You barely miss the gnoll. You grab the gnoll. You constrict the gnoll.
The gnoll hits you with a +0 halberd!
* * * LOW HITPOINT WARNING * * *
The gnoll hits you with a +0 whip!
You die...

####..#......##.##.#
#.....#............####
#.....#.......#........
#...............#......
#......###........$....
#.....####....#.#......
#.....# #.....(.>......
#.....###..####g#......
#.....##...# #h#......
#..........##..g...####
#.....##..##..#.####
########.....##.#
#..#####.# ...# ...
...## ... #### ...


You could see 2 gnolls.

Vanquished Creatures
  3 gnolls
  2 adders (D:2)
  3 dart slugs (D:1)
  A bat (D:1)
  3 endoplasms (D:1)
  A giant cockroach (D:1)
  3 goblins (D:1)
  4 hobgoblins
  3 kobolds (D:1)
  2 ball pythons (D:1)
  2 frilled lizards (D:1)
  3 rats (D:1)
30 creatures vanquished.

Notes
Turn   | Place    | Note
-------+----------+-------------------------------------------
     0 | D:1      | timneilson the Octopode Shapeshifter began the quest for
                  | the Orb.
     0 | D:1      | Reached XP level 1. HP: 13/13 MP: 1/1
    49 | D:1      | Reached XP level 2. HP: 13/18 MP: 2/2
   237 | D:1      | Reached skill level 1 in Stealth
   309 | D:1      | Reached XP level 3. HP: 23/23 MP: 3/3
   523 | D:1      | Found Covad's Weapon Boutique.
   891 | D:2      | Reached XP level 4. HP: 13/28 MP: 4/4
  1029 | D:2      | HP: 1/28 [gnoll/+0 halberd (9)]
  1029 | D:2      | Mangled by a gnoll

Illustrated notes

Levels and vault maps discovered:
D:1:      dpeg_arrival_signposts, layout_loops_ring, serial_shops, shop
D:2:      layout_rooms

Skill      XL: |  1  2 |
---------------+-------+-----
Stealth        | 1 |  1.8
Fighting       | |  1.5
Dodging        | |  2.8
Unarmed Combat | |  3.6
Shapeshifting  | |  3.5

Action                     |  1- 3 |  4- 6 || total
---------------------------+-------+-------++-------
  Melee: Unarmed           |    50 |    11 ||    61
         Constrict         |    15 |     4 ||    19
         Tentacles         |     8 |     4 ||    12
         Punch             |     1 |       ||     1
    Use: Scroll            |     5 |       ||     5
   Stab: Sleeping          |     3 |       ||     3
 Armour: Skin              |    23 |     7 ||    30
  Dodge: Dodged            |    27 |     8 ||    35

Table legend: (Time is in decaauts)
 A = Elapsed time spent in this place.
 B = Non-inter-level travel time spent in this place.
 C = Inter-level travel time spent in this place.
 D = Time resting spent in this place.
 E = Time spent auto-exploring this place.
 F = Levels seen in this place.
 G = Mean time per level.
                   A        B        C        D        E       F      G
               +--------+--------+--------+--------+--------+-----+--------+
         Total |   1024 |   1012 |     12 |     66 |    716 |   2 |  512.0 |
       Dungeon |   1024 |   1012 |     12 |     66 |    716 |   2 |  512.0 |
               +--------+--------+--------+--------+--------+-----+--------+

Top non-repeatable levels by time:
     D:1: 874 daAuts
     D:2: 150 daAuts
